 Dungeon Crawl Stone Soup version 0.22.0-49-gab54619 (webtiles) character file.

260 Merlin the Covered (level 6, -21/79 HPs)
             Began as a Gnoll Wanderer on Sept 3, 2018.
             Demolished by an ogre
             ... wielding a +0 giant spiked club
              (24 damage)
             ... on level 4 of the Dungeon.
             The game lasted 00:12:25 (2512 turns).

Merlin the Covered (Gnoll Wanderer)                 Turns: 2512, Time: 00:12:26

Health: -21/79     AC:  7    Str: 17    XL:     6   Next: 17%
Magic:  0/8        EV: 11    Int: 18    God:
Gold:   180        SH:  0    Dex: 15    Spells: 8/8 levels left

rFire    . . .     SeeInvis .   y - +0 morningstar
rCold    . . .     Gourm    .   (no shield)
rNeg     . . .     Faith    .   c - +1 ring mail
rPois    .         Spirit   +   (no helmet)
rElec    .         Reflect  .   (no cloak)
rCorr    .         Harm     .   (no gloves)
MR       .....                  (no boots)
Stlth    ..........             z - amulet of guardian spirit
HPRegen  0.23/turn              (no ring)
MPRegen  0.11/turn              (no ring)

@: berserking, very quick
A: distributed training, fangs 1, strong nose
a: no special abilities


You were on level 4 of the Dungeon.
You were hungry.

You visited 1 branch of the dungeon, and saw 4 of its levels.

You collected 180 gold pieces.

Inventory:

Hand Weapons
 a - a +2 dagger
 q - a +0 short sword
 x - a +0 whip
 y - a +0 morningstar (weapon)
 B - a +0 hunting sling
Missiles
 m - 26 sling bullets
 w - a throwing net (quivered)
Armour
 c - a +1 ring mail (worn)
 p - a +0 ring mail
Jewellery
 z - an amulet of guardian spirit (around neck)
Scrolls
 b - a scroll of blinking
 g - a scroll of magic mapping
 i - 3 scrolls of identify
 k - 2 scrolls of remove curse
 n - a scroll of enchant armour
 r - a scroll of random uselessness {unknown}
 t - a scroll of fog {unknown}
 v - 2 scrolls of amnesia {unknown}
Potions
 d - a potion of lignification
 h - 2 potions of invisibility
 j - 2 potions of curing {unknown}
 l - a potion of agility
 o - 3 potions of brilliance
 u - a potion of might {unknown}
 C - a potion of heal wounds {unknown}
Comestibles
 f - 4 rations


   Skills:
 + Level 6.8 Fighting
 + Level 1.8 Short Blades
 + Level 1.8 Long Blades
 + Level 1.8 Axes
 + Level 3.1 Maces & Flails
 + Level 1.8 Polearms
 + Level 1.8 Staves
 + Level 1.8 Slings
 + Level 1.8 Bows
 + Level 3.1 Crossbows
 + Level 1.8 Throwing
 + Level 6.8 Armour
 + Level 1.8 Dodging
 + Level 3.0 Stealth
 + Level 3.1 Shields
 + Level 1.8 Unarmed Combat
 + Level 1.8 Spellcasting
 + Level 1.4 Conjurations
 + Level 1.4 Hexes
 + Level 1.4 Charms
 + Level 1.4 Summonings
 + Level 1.4 Necromancy
 + Level 1.4 Translocations
 + Level 1.4 Transmutations
 + Level 1.4 Fire Magic
 + Level 1.4 Ice Magic
 + Level 1.4 Air Magic
 + Level 1.4 Earth Magic
 + Level 1.4 Poison Magic
 + Level 2.0 Invocations
 + Level 1.8 Evocations


You had 8 spell levels left.
You didn't know any spells.
Your spell library was empty.

Dungeon Overview and Level Annotations

Branches:
Dungeon (4/15)
 Temple: D:4-7

Altars:

Annotations:
D:4 3 runed doors, jools's ghost, novice MiBe


Innate Abilities, Weirdness & Mutations

Your experience applies equally to all skills.
You have very sharp teeth.
Your uncanny sense of smell can sniff out nearby items.


Message History

The ogre hits you with a giant spiked club!
You hit the ogre. You bite the ogre.
The ogre is moderately wounded.
The ogre barely misses you.
You closely miss the ogre.
The ogre is moderately wounded.
The ogre closely misses you.
You puncture the ogre! You bite the ogre, but do no damage.
The ogre is severely wounded.
The ogre hits you with a giant spiked club!
* * * LOW HITPOINT WARNING * * *
You hit the ogre.
The ogre is almost dead.
The ogre hits you with a giant spiked club!
* * * LOW HITPOINT WARNING * * *
It was a potion of berserk rage.
A red film seems to cover your vision as you go berserk!
You feel yourself moving faster!
You feel mighty!
The ogre hits you with a giant spiked club!!
You die...

*,*,*,,,,,*..........# #....
***,,,,,,,...........# #....
***,*,,,,,,..........########....
,,,,,,,,,,,,.....................
,,,,,,,,,.###...S..#####.........
*,,,*,,*,......#.....###.........
,,****,,,......##.##.......##....
,,* **,,........O.........##....
,,*****,,.......@..........##....
,,**,,,,,#.....#########...######
,,**,,,,,#....,* #...#
,,**,,,,,####*** #...# ,,**,,,,,*
#...# ,,******** #...# ,,* #...#
*** *****


You could see an ogre.

Vanquished Creatures
  A scorpion (D:4)
  An orc priest (D:3)
  A worker ant (D:3)
  A gnoll (D:1)
  5 adders
  An ooze (D:2)
  2 worms (D:2)
  6 dart slugs
  4 leopard geckos
  5 orcs
  5 giant cockroaches
  10 hobgoblins
  10 kobolds
  A quokka (D:2)
  A ball python (D:1)
  7 bats
  4 frilled lizards
  5 goblins
  A jackal skeleton (D:4)
  11 rats
82 creatures vanquished.

Notes
Turn   | Place    | Note
-------+----------+-------------------------------------------
     0 | D:1      | Merlin the Gnoll Wanderer began the quest for the Orb.
     0 | D:1      | Merlin set off with: a +2 dagger, a scroll of blinking, a
                  | +0 ring mail, a potion of lignification, a ration
     0 | D:1      | Reached XP level 1. HP: 23/23 MP: 1/1
    47 | D:1      | Reached XP level 2. HP: 23/29 MP: 2/2
   322 | D:1      | Reached XP level 3. HP: 31/35 MP: 3/3
   397 | D:1      | Reached skill level 1 in Invocations
   918 | D:2      | Reached skill level 1 in Short Blades
   918 | D:2      | Reached skill level 1 in Long Blades
   918 | D:2      | Reached skill level 1 in Axes
   918 | D:2      | Reached skill level 1 in Polearms
   918 | D:2      | Reached skill level 1 in Staves
   918 | D:2      | Reached skill level 1 in Slings
   918 | D:2      | Reached skill level 1 in Bows
   918 | D:2      | Reached skill level 1 in Throwing
   918 | D:2      | Reached skill level 1 in Dodging
   918 | D:2      | Reached skill level 1 in Unarmed Combat
   918 | D:2      | Reached skill level 1 in Spellcasting
   918 | D:2      | Reached skill level 1 in Evocations
   936 | D:2      | Reached XP level 4. HP: 37/41 MP: 5/5
  1435 | D:2      | Reached skill level 1 in Conjurations
  1435 | D:2      | Reached skill level 1 in Hexes
  1435 | D:2      | Reached skill level 1 in Charms
  1435 | D:2      | Reached skill level 1 in Summonings
  1435 | D:2      | Reached skill level 1 in Necromancy
  1435 | D:2      | Reached skill level 1 in Translocations
  1435 | D:2      | Reached skill level 1 in Transmutations
  1435 | D:2      | Reached skill level 1 in Fire Magic
  1435 | D:2      | Reached skill level 1 in Ice Magic
  1435 | D:2      | Reached skill level 1 in Air Magic
  1435 | D:2      | Reached skill level 1 in Earth Magic
  1435 | D:2      | Reached skill level 1 in Poison Magic
  1614 | D:3      | Reached XP level 5. HP: 28/47 MP: 5/7
  2312 | D:4      | Reached XP level 6. HP: 18/53 MP: 3/8
  2467 | D:4      | Found a runed gate.
  2467 | D:4      | Found a runed gate.
  2467 | D:4      | Found a runed gate.
  2482 | D:4      | Noticed jools's ghost (novice MiBe)
  2511 | D:4      | HP: 2/53 [ogre/giant spiked club (9)]
  2512 | D:4      | Demolished by an ogre

Skill      XL: |  1  2  3  4  5 |
---------------+----------------+-----
Invocations    | 1 2 |  2.0
Short Blades   | 1 |  1.8
Long Blades    | 1 |  1.8
Axes           | 1 |  1.8
Polearms       | 1 |  1.8
Staves         | 1 |  1.8
Slings         | 1 |  1.8
Bows           | 1 |  1.8
Throwing       | 1 |  1.8
Dodging        | 1 |  1.8
Unarmed Combat | 1 |  1.8
Spellcasting   | 1 |  1.8
Evocations     | 1 |  1.8
Conjurations   | 1 |  1.4
Hexes          | 1 |  1.4
Charms         | 1 |  1.4
Summonings     | 1 |  1.4
Necromancy     | 1 |  1.4
Translocations | 1 |  1.4
Transmutations | 1 |  1.4
Fire Magic     | 1 |  1.4
Ice Magic      | 1 |  1.4
Air Magic      | 1 |  1.4
Earth Magic    | 1 |  1.4
Poison Magic   | 1 |  1.4
Maces & Flails | 3 |  3.1
Crossbows      | 3 |  3.1
Shields        | 3 |  3.1
Stealth        | 3 |  3.0
Fighting       | |  6.8
Armour         | |  6.8

Action                   |  1- 3 |  4- 6 || total
-------------------------+-------+-------++-------
Melee: Dagger            |   147 |    72 ||   219
       Bite              |    15 |    13 ||    28
       Morningstar       |       |    89 ||    89
  Use: Potion            |     1 |     2 ||     3
       Scroll            |     1 |     6 ||     7
 Stab: Sleeping          |     1 |       ||     1
  Eat: Chunk             |       |     5 ||     5
Armor: Ring mail         |    73 |    80 ||   153
Dodge: Dodged            |    98 |   141 ||   239
